Map: Automaton LE

Players

Sketchaphone

  • Race: Zerg Zerg
  • League: Platinum
  • Spawn Location: 9:00

mrvrmiko - Winner!

  • Race: Protoss Protoss
  • League: Platinum
  • Spawn Location: 3:00

VOD

Have the link to the VOD?

Description

Time

  • Played on: Feb. 2, 2019, 1:36 p.m.
  • Length: 23:12
Show
View Real Time Build Order
Export as new Build Order

Sketchaphone Zerg 

Build Orders: Hatch First 

Get SALT Encoding   

  12  0:03  Drone  
  13  0:14  Overlord  
  13  0:18  Drone  
  14  0:23  Extractor  
  14  0:24  Drone  
  15  0:32  Drone  
  16  0:36  Drone  
  17  0:57  Extractor  
  17  1:00  Hatchery  
  15  1:05  Drone  
  15  1:06  Drone  
  17  1:12  Drone  
  18  1:19  Drone  
  19  1:33  Spawning Pool  
  18  1:48  Drone  
  18  1:49  Overlord  
  19  2:22  Drone  
  20  2:23  Overlord, Drone x2  
  20  2:27  Queen  
  20  2:28  Extractor  
  20  2:29  Queen  
  25  2:30  Metabolic Boost  
  25  2:36  Drone  
  26  2:40  Drone  
  26  2:42  Overlord  
  27  2:46  Zergling x2  
  28  2:51  Drone  
  28  2:55  Drone  
  30  3:01  Zergling x2  
  31  3:12  Drone  
  32  3:14  Drone  
  33  3:33  Overlord, Hatchery  
  32  3:34  Drone x2  
  34  3:42  Drone x2  
  35  3:53  Roach Warren  
  34  3:56  Drone  
  34  3:59  Drone  
  36  4:05  Drone  
  36  4:08  Drone x3  
  36  4:09  Zergling x4  
  42  4:12  Overlord  
  42  4:13  Queen, Drone x3  
  47  4:23  Overlord, Drone  
  48  4:42  Overlord  
  48  4:43  Drone  
  49  4:47  Extractor  
  49  4:49  Extractor  
  49  4:51  Lair, Extractor  
  49  4:52  Pneumatized Carapace, Evolution Chamber  
  46  4:53  Overlord  
  46  4:54  Drone x2  
  46  4:55  Queen  
  46  4:56  Drone x2  
  46  4:57  Drone x2  
  46  4:58  Drone  
  54  5:13  Spore Crawler  
  53  5:18  Spore Crawler  
  52  5:21  Zerg Ground Armor Level 1  
  52  5:27  Zergling x4  
  52  5:28  Evolution Chamber  
  53  5:29  Overlord  
  54  5:35  Zergling x2  
  54  5:37  Zergling x2  
  54  5:38  Zergling x2  
  54  5:39  Overlord x2  
  56  5:43  Queen  
  56  5:45  Drone x2  
  60  5:51  Drone x2  
  62  5:59  Zerg Missile Weapons Level 1  
  62  6:00  Hydralisk Den  
  62  6:02  Glial Reconstitution  
  61  6:22  Spore Crawler  
  60  6:31  Grooved Spines, Hydralisk x2  
  64  6:35  Hydralisk x3  
  64  6:36  Hydralisk  
  64  6:37  Hydralisk x2  
  64  6:39  Roach x2  
  81  6:47  Roach x3  
  81  6:49  Roach  
  87  7:01  Baneling Nest  
  86  7:15  Drone x3  
  89  7:18  Overlord x2  
  89  7:19  Overlord  
  89  7:27  Drone  
  90  7:31  Drone x3  
  90  7:36  Roach x6  
  105  7:38  Overlord  
  105  7:44  Overlord  
  105  7:46  Ravager x3  
  105  7:47  Ravager  
  109  7:51  Zerg Melee Weapons Level 1  
  109  7:54  Zergling x10  
  109  7:56  Drone  
  115  8:06  Zergling x10  
  115  8:07  Zergling x4  
  115  8:12  Hydralisk  
  124  8:15  Overseer  
  124  8:20  Hydralisk x3  
  124  8:26  Baneling x6  
  129  8:31  Hydralisk  
  129  8:32  Hydralisk x2  
  135  8:36  Overlord  
  134  8:59  Zerg Missile Weapons Level 2  
  134  9:04  Overlord  
  134  9:07  Overlord  
  134  9:14  Overlord x2  
  133  9:22  Overlord x2  
  133  9:42  Hatchery  
  133  9:45  Drone x2  
  134  9:48  Zerg Ground Armor Level 2  
  134  9:49  Hydralisk x4  
  134  9:50  Hydralisk x3  
  134  9:51  Hatchery  
  147  10:06  Hydralisk x5  
  146  10:13  Hydralisk x3  
  129  10:16  Hydralisk  
  109  10:58  Hydralisk  
  109  10:59  Hydralisk x3  
  117  11:06  Muscular Augments  
  117  11:08  Infestation Pit  
  117  11:10  Extractor  
  115  11:11  Extractor  
  114  11:19  Drone x4  
  114  11:20  Hydralisk x6  
  114  11:21  Overlord  
  114  11:24  Roach  
  132  11:31  Zergling x20  
  142  11:36  Drone, Extractor x2  
  141  11:41  Extractor  
  141  11:45  Extractor  
  139  11:50  Zergling x4  
  139  11:51  Zergling x18  
  150  12:06  Overlord  
  153  12:15  Zergling x8  
  169  12:19  Overseer  
  169  12:28  Queen  
  171  12:30  Overlord  
  141  13:02  Spire  
  141  13:04  Zergling x6, Hive  
  141  13:05  Zergling x30  
  137  13:26  Burrow  
  137  13:38  Hydralisk x8  
  129  14:37  Corruptor  
  129  14:38  Corruptor x9  
  149  14:55  Corruptor x3  
  149  14:58  Viper  
  154  15:07  Drone  
  154  15:08  Drone x3  
  154  15:14  Viper x2  
  159  16:05  Zerg Missile Weapons Level 3  
  159  16:06  Pathogen Glands  
  159  16:08  Corruptor x7  
  173  16:26  Drone x6  
  177  17:02  Zerg Flyer Armor Level 1  
  177  17:03  Neural Parasite  
  177  17:11  Zergling x10  
  177  17:13  Overlord x5  
  159  17:36  Hydralisk x10  
  159  17:37  Hydralisk x9  
  140  17:54  Corruptor x4  
  148  18:11  Overlord x2  
  148  18:18  Drone x3  
  148  18:19  Drone  
  152  18:27  Infestor x2  
  152  18:28  Infestor  
  157  18:45  Zergling x12  
  157  18:47  Overlord  
  163  19:04  Zergling x6  
  163  19:05  Zergling x28  
  161  19:13  Zergling x6  
  150  19:29  Zergling x8  
  145  19:42  Swarm Host  
  145  19:43  Swarm Host x3  
  159  19:55  Corruptor x10  
  166  20:09  Drone x2  
  166  20:10  Drone  
  169  20:17  Hatchery  
  168  20:26  Drone x2  
  168  20:27  Drone  
  168  20:28  Drone x3  
  168  20:30  Hatchery  
  168  20:31  Corruptor x4  
  143  20:53  Hydralisk x6  
  143  20:54  Hydralisk x4  
  143  20:56  Hydralisk  
  128  21:05  Corruptor  
  85  21:42  Hydralisk x2  
  85  21:43  Hydralisk x10  
  95  21:55  Hydralisk Den  
  95  21:59  Drone x5  
  90  22:06  Drone x3  
  83  22:40  Hydralisk x5  
  85  22:54  Evolution Chamber  
  85  22:58  Spawning Pool  
Show
View Real Time Build Order
Export as new Build Order

mrvrmiko Protoss - Winner!

Build Orders: 1 Gate Expand, Carriers 

Get SALT Encoding   

  1  0:00  Probe  
  12  0:05  Probe  
  14  0:15  Probe  
  15  0:24  Pylon  
  15  0:45  Gateway  
  15  0:49  Probe  
  16  0:55  Assimilator  
  16  0:58  Probe  
  17  1:06  Probe  
  18  1:14  Pylon  
  18  1:15  Probe  
  19  1:27  Probe  
  20  1:42  Nexus  
  20  1:47  Pylon  
  20  1:52  Forge  
  20  2:00  Zealot  
  22  2:01  Probe  
  23  2:09  Probe  
  24  2:17  Gateway  
  24  2:19  Probe  
  25  2:31  Probe  
  25  2:34  Gateway  
  26  2:40  Photon Cannon  
  26  2:50  Gateway  
  26  2:51  Probe  
  27  2:58  Assimilator  
  27  3:00  Probe  
  28  3:09  Probe x2  
  29  3:18  Probe  
  29  3:19  Cybernetics Core  
  30  3:23  Pylon  
  31  3:28  Probe  
  32  3:34  Assimilator  
  32  3:36  Probe  
  33  3:45  Probe  
  33  3:48  Probe  
  35  3:57  Probe  
  35  4:00  Photon Cannon  
  35  4:01  Pylon  
  36  4:04  Photon Cannon  
  36  4:07  Photon Cannon  
  36  4:10  Probe  
  37  4:18  Probe  
  37  4:20  Assimilator  
  37  4:23  Stargate  
  38  4:25  Pylon  
  38  4:28  Probe  
  39  4:38  Protoss Air Weapons Level 1  
  39  4:43  Stargate  
  39  4:46  Pylon  
  39  4:47  Pylon  
  39  4:48  Probe  
  40  4:55  Probe  
  40  4:56  Probe  
  41  5:03  Probe  
  41  5:06  Probe  
  43  5:07  Void Ray  
  43  5:13  Probe  
  48  5:19  Pylon  
  49  5:24  Probe  
  49  5:26  Fleet Beacon  
  50  5:32  Probe, Phoenix  
  52  5:40  Probe  
  53  5:43  Probe  
  55  5:51  Probe  
  55  5:55  Probe  
  57  6:12  Carrier  
  63  6:31  Carrier  
  63  6:32  Protoss Air Armor Level 1  
  69  6:49  Pylon  
  69  6:52  Anion Pulse-Crystals  
  69  7:00  Stargate  
  69  7:03  Pylon  
  69  7:04  Pylon  
  69  7:16  Pylon  
  69  7:20  Carrier  
  75  7:26  Photon Cannon  
  75  7:31  Photon Cannon  
  75  7:35  Photon Cannon  
  75  7:40  Carrier  
  81  7:49  Pylon  
  81  7:57  Pylon  
  81  8:00  Pylon  
  81  8:06  Pylon  
  81  8:14  Carrier  
  87  8:28  Pylon  
  87  8:33  Pylon  
  87  8:34  Carrier  
  93  8:39  Photon Cannon  
  93  8:43  Photon Cannon  
  93  8:48  Photon Cannon  
  93  8:52  Carrier  
  99  9:14  Photon Cannon  
  99  9:20  Photon Cannon  
  99  9:27  Photon Cannon  
  99  9:32  Carrier, Photon Cannon x2  
  105  9:43  Carrier  
  105  9:45  Robotics Facility  
  111  9:48  Zealot x3  
  113  10:15  Zealot x3  
  119  10:24  Carrier  
  125  10:31  Shield Battery  
  125  10:34  Shield Battery  
  125  10:36  Photon Cannon  
  125  10:38  Shield Battery  
  125  10:41  Shield Battery  
  125  10:44  Carrier  
  131  10:50  Pylon  
  131  10:54  Pylon  
  131  11:00  Pylon, Carrier  
  137  11:06  Pylon  
  137  11:10  Stargate  
  137  11:25  Warp Prism  
  137  11:29  Pylon  
  139  11:34  Pylon  
  139  11:43  Carrier  
  145  11:59  Protoss Air Weapons Level 2  
  145  12:02  Observer  
  146  12:10  Photon Cannon  
  146  12:15  Photon Cannon  
  146  12:23  Photon Cannon, Observer  
  147  12:44  Nexus  
  141  13:08  Pylon  
  141  13:11  Pylon  
  141  13:27  Assimilator  
  141  13:29  Carrier  
  147  13:35  Assimilator  
  145  14:11  Photon Cannon  
  145  14:15  Photon Cannon  
  145  14:17  Photon Cannon  
  145  14:22  Pylon  
  139  14:41  Pylon  
  139  15:07  Carrier  
  144  15:23  Photon Cannon  
  144  15:27  Photon Cannon  
  144  15:44  Carrier  
  150  16:14  Carrier  
  156  16:19  Carrier  
  162  16:34  Shield Battery  
  162  16:35  Photon Cannon  
  162  16:38  Photon Cannon  
  156  16:56  Photon Cannon  
  156  17:00  Pylon  
  156  17:01  Photon Cannon  
  156  17:14  Carrier  
  160  18:09  Cybernetics Core  
  160  19:06  Observer  
  158  19:26  Carrier x2  
  158  19:27  Observer  
  158  19:28  Carrier  
  140  22:36  Probe  
  135  22:44  Probe  
  136  22:54  Probe  
Tags
 
Composition
Carriers
Matchup
PvZ
Replay Pack
init
Spawn Locations
Cross Positions
Add a new tag
Caveats
  • Supply blocks, unpowered buildings, or Contaminate may cause inaccurate times.
  • Supply counts are checked every 10 seconds.